 Dungeon Crawl Stone Soup version 0.17-a0-1831-gaadb308 (webtiles) character file.

580 kroki the Chopper (level 7, -8/51 HPs)
             Began as a Vampire Berserker on Sept 14, 2015.
             Was a Believer of Trog.
             Killed from afar by an orc wizard (10 damage)
             ... with a magic dart
             ... on level 3 of the Dungeon.
             The game lasted 00:04:38 (2328 turns).

kroki the Chopper (Vampire Berserker)               Turns: 2328, Time: 00:04:39

Health: -8/51      AC:  7    Str: 16    XL:     7   Next: 13%
Magic:  7/7        EV: 10    Int: 10    God:    Trog [**....]
Gold:   164        SH:  0    Dex: 15    Spells: 0 memorised, 6 levels left

rFire  . . .     SeeInvis +     a - +1 hand axe
rCold  . . .     Clarity  .     m - +0 scale mail
rNeg   . . .     SustAt   .     (no shield)
rPois  .         Gourm    .     (no helmet)
rElec  .         Spirit   .     (no cloak)
rCorr  .         Warding  .     (no gloves)
rMut   .         Stasis   .     (no boots)
MR     .....                    (no amulet)
Stlth  ..........               (no ring)
                                k - +1 ring of protection

@: confused, exhausted, regenerating very quickly, not resistant to hostile
enchantments, extremely unstealthy
A: fangs 3, see invisible, unbreathing
a: Burn Spellbooks, Berserk, Trog's Hand, Renounce Religion


You were on level 3 of the Dungeon.
You worshipped Trog.
Trog was pleased with you.
You were almost alive.

You visited 1 branch of the dungeon, and saw 3 of its levels.

You collected 164 gold pieces.

Inventory:

Hand weapons
 a - a +1 hand axe (weapon)
Missiles
 o - a throwing net {=f, !d =Q}
Armour
 b - a +0 animal skin
 m - a +0 scale mail (worn)
   (You found it on level 2 of the Dungeon)
Jewellery
 d - an uncursed amulet of rage {+Rage, !d}
   (You found it on level 1 of the Dungeon)
 i - an uncursed amulet of resist corrosion {rCorr, !d}
   (You found it on level 1 of the Dungeon)
 k - a +1 ring of protection (left hand)
   (You found it on level 1 of the Dungeon)
Scrolls
 f - 2 scrolls of remove curse
 n - 2 scrolls of identify
 q - a scroll of enchant armour {unknown}
 r - a scroll of fear {unknown}
Potions
 c - 3 potions of blood {@q1}
 e - a potion of agility {unknown}
 h - a potion of flight {unknown}
 j - a potion of curing
 l - 2 potions of poison {unknown}
 p - 2 potions of heal wounds {unknown}
 s - a potion of degeneration {unknown}


   Skills:
 - Level 2.6 Fighting
 + Level 7.5 Axes
 - Level 1.5 Armour
 - Level 2.1 Dodging


You had 6 spell levels left.
You didn't know any spells.

Dungeon Overview and Level Annotations

Branches:
Dungeon (3/15)

Altars:
Okawaru


Innate Abilities, Weirdness & Mutations

Your natural rate of healing is extremely fast.
You have razor-sharp teeth.
You have supernaturally acute eyesight.
You can survive without breathing.


Message History

The orc barely misses you. The orc wizard completely misses you.
You take 8 damage, and have 31/51 hp.
You barely miss the orc wizard. You hit the orc but do no damage.
You hit the orc wizard. The orc wizard barely misses you.
The orc hits you but does no damage.
The orc wizard hits you but does no damage. x2
The orc closely misses you.
The orc hits you from afar with a trident.
The orc wizard points at you and mumbles some strange words.
The magic dart hits you! The orc wizard hits you with a war axe.
You take 8 damage, and have 23/51 hp.
You are too injured to fight recklessly!
Unknown command.
You're too exhausted to go berserk.
You hit the orc wizard. You bite the orc wizard. You hit the orc.
You hit the orc wizard. The orc hits you but does no damage.
The orc wizard hits you but does no damage.
The orc wizard hits you with a war axe. The orc barely misses you.
The orc hits you but does no damage. The orc wizard hits you with a dagger.
You take 6 damage, and have 17/51 hp.
Unknown command.
The orc wizard looks braver for a moment.
The orc wizard hits you but does no damage.
The orc wizard casts a spell.
The orc wizard blinks!
The orc wizard hits you but does no damage.
The orc wizard gestures wildly while chanting.
The orc wizard blinks!
You see here a dagger.
Your skin crawls.
You feel resistant to hostile enchantments.
You feel slightly less full. The orc wizard hits you with a war axe.
The orc closely misses you.
The orc wizard gestures at you while chanting.
The magic dart hits you!
* * * LOW HITPOINT WARNING * * *
The orc wizard closely misses you.
You take 7 damage, and have 12/51 hp.
The orc wizard hits you but does no damage.
You regained 2 hp, and now have 14/51 hp.
You feel the effects of Trog's Hand fading.
The orc wizard barely misses you.
You regained 2 hp, and now have 16/51 hp.
You closely miss the orc wizard. The orc wizard hits you with a dagger.
* * * LOW HITPOINT WARNING * * *
The orc wizard gestures at you while chanting.
The magic dart hits you!
* * * LOW HITPOINT WARNING * * *
You take 7 damage, and have 9/51 hp.
Drink which item? (? for menu, Esc to quit)
Really quaff
g - 2 potions of ambrosia {!q}?
You are confused.
You feel invigorated. The orc wizard casts a spell at you.
The magic dart hits you!
* * * LOW HITPOINT WARNING * * *
The orc wizard hits you but does no damage.
You regained 3 hp, and now have 12/51 hp.
You bump into the rock wall.
Your skin stops crawling.
You feel less resistant to hostile enchantments.
You feel yourself speed up. The orc wizard closely misses you.
The orc wizard hits you with a war axe.
* * * LOW HITPOINT WARNING * * *
The orc wizard mumbles some strange words.
The orc wizard blinks!
The orc hits you but does no damage.
The orc wizard points at you and mumbles some strange words.
The puff of frost misses you.
You bump into the rock wall.
You feel less invigorated.
You feel less confused. The orc barely misses you.
The orc wizard hits you with a war axe.
* * * LOW HITPOINT WARNING * * *
You take 2 damage, and have 11/51 hp.
You barely miss the orc wizard. The orc wizard barely misses you.
The orc hits you but does no damage.
Drink which item? (? for menu, Esc to quit)
Really quaff
g - a potion of ambrosia {!q}?
You are confused.
You feel invigorated. The orc wizard closely misses you.
The orc wizard hits you but does no damage.
The orc hits you but does no damage.
The orc wizard hits you but does no damage.
You regained 3 hp, and now have 14/51 hp.
You hit the orc wizard.
You bite the orc wizard, but do no damage.
You hit the orc wizard but do no damage.
The orc wizard hits you with a war axe!
* * * LOW HITPOINT WARNING * * *
The orc wizard hits you but does no damage.
The orc hits you but does no damage. The orc wizard misses you.
You take 2 damage, and have 12/51 hp.
You bump into the rock wall.
The orc wizard points at you and mumbles some strange words.
The magic dart hits you!
* * * LOW HITPOINT WARNING * * *
The orc hits you but does no damage. The orc wizard hits you with a war axe!
* * * LOW HITPOINT WARNING * * *
The orc wizard gestures at you while chanting.
The magic dart hits you!
You die...

#.........######......###
#.........## ##.##...#.
#.......)..#####.........
#................###.....
#........#.#####.##.....#
#........#.# #.....###.#
#........#.####.#.### .#
#.####.o##....)...# ..
##.@#...##.### ##
##o#..###.# #o#..# #.#
#)...# #.# ##..#......
#...###(..# ........#.#
### # ............ .
.....###...## #


You could see 2 orc wizards and an orc.

Vanquished Creatures
  Grinder (D:3)
  Sigmund (D:2)
  An ogre (D:3)
  Ijyb (D:3)
  An orc wizard (D:3)
  3 adders (D:2)
  An adder skeleton (D:2)
  3 worms (D:2)
  4 giant geckos
  3 orcs (D:3)
  A bat skeleton (D:2)
  A bat zombie (D:2)
  8 hobgoblins
  6 kobolds
  2 quokkas (D:2)
  3 ball pythons
  4 bats (D:1)
  A giant cockroach (D:1)
  A giant cockroach zombie (D:2)
  A giant gecko zombie (D:2)
  2 giant newts (D:2)
  5 goblins
  A jackal zombie (D:2)
  6 rats
61 creatures vanquished.

Notes
Turn   | Place    | Note
--------------------------------------------------------------
     0 | D:1      | kroki the Vampire Berserker began the quest for the Orb.
     0 | D:1      | Reached XP level 1. HP: 17/17 MP: 1/1
   147 | D:1      | Reached skill level 3 in Axes
   320 | D:1      | Reached XP level 2. HP: 20/23 MP: 2/2
   813 | D:1      | Acquired Trog's second power
   851 | D:2      | Reached XP level 3. HP: 19/28 MP: 3/3
   911 | D:2      | Reached skill level 4 in Axes
   942 | D:2      | HP: 7/28 [adder (3)]
   947 | D:2      | HP: 5/42 [poisoned by an adder]
   954 | D:2      | HP: 3/28 [poisoned by an adder]
   959 | D:2      | HP: 2/28 [poisoned by an adder]
  1190 | D:2      | Found an iron altar of Okawaru.
  1223 | D:2      | Noticed Sigmund
  1239 | D:2      | Killed Sigmund
  1239 | D:2      | Reached skill level 5 in Axes
  1239 | D:2      | Reached XP level 4. HP: 19/34 MP: 4/4
  1239 | D:2      | Reached XP level 5. HP: 21/39 MP: 5/5
  1258 | D:2      | HP: 9/39 [poisoned by Sigmund]
  1263 | D:2      | HP: 6/39 [giant gecko (2)]
  1264 | D:2      | HP: 1/39 [giant gecko (4)]
  1269 | D:2      | HP: 2/39 [giant gecko (2)]
  1567 | D:2      | Reached skill level 6 in Axes
  1984 | D:3      | Noticed Ijyb
  2004 | D:3      | Killed Ijyb
  2004 | D:3      | Reached XP level 6. HP: 42/46 MP: 6/6
  2048 | D:3      | Noticed Grinder
  2064 | D:3      | Killed Grinder
  2064 | D:3      | Reached skill level 7 in Axes
  2279 | D:3      | Noticed an ogre
  2285 | D:3      | Killed an ogre
  2285 | D:3      | Reached XP level 7. HP: 51/51 MP: 7/7
  2318 | D:3      | HP: 12/51 [orc wizard/magic dart (9)]
  2324 | D:3      | HP: 11/51 [orc wizard/war axe (6)]
  2328 | D:3      | HP: 2/51 [orc wizard/war axe (7)]
  2328 | D:3      | Killed from afar by an orc wizard

Vault maps used:
D:1:      dpeg_arrival_concentric_ovals, minmay_vboxes
D:2:      lemuel_round_altar, first_bread, serial_undead, serial_undead_d,
          serial_undead_a, serial_undead_f, serial_undead_b,
          grunt_ministairs_11, uniq_sigmund
D:3:      uniq_iyjb, uniq_grinder

Action                   |  1- 3 |  4- 6 |  7- 9 || total
-------------------------+-------+-------+-------++-------
Melee: Hand axe          |    98 |    93 |    11 ||   202
Throw: Throwing net      |       |     4 |       ||     4
Invok: Berserk           |     4 |     2 |       ||     6
       Trog's Hand       |     1 |     2 |     1 ||     4
  Use: Scroll            |     2 |     4 |       ||     6
       Potion            |     1 |     1 |     2 ||     4
  Eat: Corpse            |    14 |     8 |     2 ||    24

Vault maps used:
D:1:      dpeg_arrival_concentric_ovals, minmay_vboxes
D:2:      lemuel_round_altar, first_bread, serial_undead, serial_undead_d,
          serial_undead_a, serial_undead_f, serial_undead_b,
          grunt_ministairs_11, uniq_sigmund
D:3:      uniq_iyjb, uniq_grinder

Table legend:
 A = Turns spent in this place as a percentage of turns spent in the entire game.
 B = Non-inter-level travel turns spent in this place as a percentage of non-inter-level travel turns spent in the entire game.
 C = Inter-level travel turns spent in this place as a percentage of turns spent in this place.
 D = Turns resting spent in this place as a percentage of non-inter-level travel turns spent in this place.
 E = Turns spent auto-exploring this place as a percentage of non-inter-level travel turns spent in this place.
 F = Non-inter-level travel turns spent in this place divided by the number of levels of this place that you've seen.
                   A       B       C       D       E      F
               +-------+-------+-------+-------+-------+----------------------
         Total | 100.0 | 100.0 |   0.4 |   3.6 |   7.0 | 362.7
       Dungeon | 100.0 | 100.0 |   0.4 |   3.6 |   7.0 | 362.7
               +-------+-------+-------+-------+-------+----------------------

Table legend:
 A = Kills in this place as a percentage of kills in entire the game.
 B = Kills by you in this place as a percentage of kills by you in the entire game.
 C = Kills by friends in this place as a percentage of kills by friends in the entire game.
 D = Other kills in this place as a percentage of other kills in the entire game.
 E = Experience gained in this place as a percentage of experience gained in the entire game.
 F = Experience gained in this place divided by the number of levels of this place that you have seen.
                   A       B       C       D       E      F
               +-------+-------+-------+-------+-------+----------------------
         Total | 100.0 | 100.0 |  -nan |  -nan | 100.0 | 276.3
       Dungeon | 100.0 | 100.0 |  -nan |  -nan | 100.0 | 276.3
               +-------+-------+-------+-------+-------+----------------------
